 Dungeon Crawl Stone Soup version 0.23-a0-625-g1d2cd9b (webtiles) character file.

55 Matador8 the Sneak (level 3, 0/24 HPs)
             Began as a Vampire Enchanter on Dec 25, 2018.
             Succumbed to an adder's poison
             ... on level 2 of the Dungeon.
             The game lasted 00:21:34 (768 turns).

Matador8 the Sneak (Vampire Enchanter)               Turns: 768, Time: 00:21:35

Health: 0/24       AC:  2    Str:  5 (8)  XL:     3   Next: 67%
Magic:  1/6        EV: 12    Int: 15 (17) God:
Gold:   49         SH:  0    Dex: 13 (14) Spells: 0/6 levels left

rFire    . . .     SeeInvis +   a - +1 dagger
rCold    . . .     Gourm    .   (no shield)
rNeg     . . .     Faith    .   b - +0 robe
rPois    .         Spirit   .   (no helmet)
rElec    .         Reflect  .   (no cloak)
rCorr    .         Harm     .   (no gloves)
MR       .....                  (no boots)
Stlth    +++.......             (no amulet)
HPRegen  0.28/turn              (no ring)
MPRegen  0.10/turn              (no ring)

@: lethally poisoned (0 -> -5), regenerating quickly, invisible
A: fangs 3, see invisible, unbreathing
a: no special abilities


You were on level 2 of the Dungeon.
You were full.

You visited 1 branch of the dungeon, and saw 2 of its levels.

You collected 49 gold pieces.

Inventory:

Hand Weapons
 a - a +1 dagger (weapon)
 f - a +0 spear
Armour
 b - a +0 robe (worn)
Scrolls
 e - 2 scrolls of teleportation {unknown}
 g - a scroll of amnesia {unknown}
 h - a scroll of remove curse {unknown}
Potions
 d - 5 potions of blood


   Skills:
 + Level 2.4 Short Blades
 - Level 2.1 Dodging
 + Level 5.4 Stealth
 - Level 2.0 Spellcasting
 + Level 5.3 Hexes


You couldn't memorise any spells.
You knew the following spells:

 Your Spells              Type           Power        Failure   Level  Hunger
a - Corona                Hex            ###....      2%          1    #......
b - Ensorcelled Hibernat  Hex/Ice        #.....       11%         2    ###....
c - Confuse               Hex            ###.....     8%          3    ###....

Your spell library contained the following spells:

 Spells                   Type           Power        Failure   Level  Hunger
 Tukima's Dance           Hex            ###.....     8%          3    ###....
 Dazzling Spray           Conj/Hex       #.....       22%         3    ###....


Dungeon Overview and Level Annotations

Branches:
Dungeon (2/15)

Altars:


Innate Abilities, Weirdness & Mutations

Your natural rate of healing is unusually fast.
You have razor-sharp teeth.
You have supernaturally acute eyesight. (SInv)
You can survive without breathing.


Message History

The adder is heavily wounded.
* * * LOW HITPOINT WARNING * * *
You feel sick. The adder completely misses you.
You hit the adder. You bite the adder.
You kill the adder!
* * * LOW HITPOINT WARNING * * *
You feel sick.
* * * LOW HITPOINT WARNING * * *
You feel sick.
You see here 16 poisoned needles.
* * * LOW HITPOINT WARNING * * *
You feel sick.
It was a potion of degeneration.
There was something very wrong with that liquid.
You feel weakened.
You feel dopey.
You feel clumsy.
* * * LOW HITPOINT WARNING * * *
You feel sick.
It was a potion of invisibility.
You fade into invisibility!
You die...

#........#.#.###
########.#...#
#.###.##### #.
#.....# #.
#####.# #. #.#
#. #.# #.# #@#
#(# #.# #.# #.#
#.# #.# #.# #.#


There were no monsters in sight!

Vanquished Creatures
  A gnoll (D:1)
  An adder (D:2)
  An ooze (D:2)
  2 leopard geckos (D:1)
  A bat zombie (D:2)
  2 giant cockroaches
  4 goblins (D:1)
  3 hobgoblins (D:1)
  4 jackals (D:1)
  A frilled lizard (D:1)
  4 kobolds
  2 rats
26 creatures vanquished.

Notes
Turn   | Place    | Note
-------+----------+-------------------------------------------
     0 | D:1      | Matador8 the Vampire Enchanter began the quest for the Orb.
     0 | D:1      | Reached XP level 1. HP: 13/13 MP: 3/3
   205 | D:1      | Reached XP level 2. HP: 14/19 MP: 1/5
   209 | D:1      | Learned a level 2 spell: Ensorcelled Hibernation
   259 | D:1      | Reached skill level 5 in Stealth
   336 | D:1      | Reached skill level 5 in Hexes
   479 | D:1      | Reached XP level 3. HP: 24/24 MP: 0/6
   717 | D:2      | Learned a level 3 spell: Confuse
   767 | D:2      | HP: 1/24 [poisoned by an adder]
   768 | D:2      | Succumbed to an adder's poison

Vault maps used:
D:1:      shiori_arrival_maze
D:2:      kennysheep_big_flooded_room, serial_undead, serial_undead_f,
          serial_undead_c, serial_undead_f, serial_undead_a, dk_xom_monty_hall,
          uniq_natasha

Skill      XL: |  1  2 |
---------------+-------+-----
Stealth        | 5 |  5.4
Hexes          | 5 |  5.3
Short Blades   | 2 |  2.4
Dodging        | |  2.1
Spellcasting   | |  2.0

Action                   || total
-------------------------++-------
Melee: Dagger            ||    61
       Bite              ||     3
 Cast: Corona            ||    11
       Ensorcelled Hiber ||    14
  Use: Potion            ||     2
 Stab: Sleeping          ||    15
  Eat: Corpse            ||     5
Armor: Robe              ||    15
Dodge: Dodged            ||    68

Table legend:
 A = Non-vault XP
 B = Vault XP
 C = Vault XP percentage of total XP
 D = Non-vault monster count
 E = Vault monster count
 F = Vault count percentage of total count
                 A         B        C        D         E       F
            +---------+---------+-------+---------+---------+-------
      Total |      73 |       6 |   7.6 |      23 |       3 |  11.5
            +---------+---------+-------+---------+---------+-------
        D:1 |      48 |       4 |   7.7 |      18 |       2 |  10.0
        D:2 |      25 |       2 |   7.4 |       5 |       1 |  16.7
            +---------+---------+-------+---------+---------+-------
